 Dungeon Crawl Stone Soup version 0.24-a0-275-g6f7e2cb (webtiles) character file.

Game seed: 4600036881819232968

268 BigZZ40 the Sneak (level 5, -3/41 HPs)
             Began as a Demigod Assassin on Apr 28, 2019.
             Killed from afar by Sigmund (7 damage)
             ... with a magic dart
             ... on level 2 of the Dungeon.
             The game lasted 00:25:32 (4032 turns).

BigZZ40 the Sneak (Demigod Assassin)                Turns: 4032, Time: 00:25:33

Health: -3/41      AC:  7    Str: 14    XL:     5   Next: 68%
Magic:  7/7        EV: 11    Int: 15    God:
Gold:   199        SH:  5    Dex: 19    Spells: 4/4 levels left

rFire    . . .     SeeInvis .   S - +2 mace (protect)
rCold    . . .     Gourm    .   r - +0 buckler
rNeg     . . .     Faith    .   K - +0 leather armour
rPois    .         Spirit   .   X - +1 helmet
rElec    .         Reflect  .   d - +0 cloak
rCorr    .         Harm     .   p - +0 pair of gloves
MR       .....                  (no boots)
Stlth    ++++......             (no amulet)
HPRegen  0.13/turn              u - ring of stealth
MPRegen  0.10/turn              (no ring)

@: no status effects
A: high mp 1
a: no special abilities


You were on level 2 of the Dungeon.
You were hungry.

You visited 1 branch of the dungeon, and saw 3 of its levels.

You collected 199 gold pieces.

Inventory:

Hand Weapons
 b - a +0 blowgun
 n - a +2 vampiric whip
 v - a +0 hunting sling
 z - a +0 short sword
 B - a +1 mace of crushing
 C - a +0 hand axe
 E - a +0 dagger
 J - a +1 short sword of draining
 P - a +0 short sword
 Q - a +0 long sword
 S - a +2 mace of protection (weapon)
 T - a +0 spear
 V - a +0 hand axe
Missiles
 a - 13 bolts
 e - 8 poisoned needles
 f - 2 curare-tipped needles
 h - 56 stones (quivered)
 m - 74 arrows
Armour
 c - a +0 robe
 d - a +0 cloak (worn)
 i - a +0 pair of gloves
 j - a +0 buckler
 k - a +0 robe
 l - a +0 leather armour
 p - a +0 pair of gloves (worn)
 r - a +0 buckler (worn)
 t - a +0 robe
 y - a +0 leather armour
 K - a +0 leather armour (worn)
 W - a +0 chain mail
 X - a +1 helmet (worn)
 Y - a +0 chain mail
Jewellery
 u - a ring of stealth (left hand)
 I - a cursed amulet of inaccuracy
Scrolls
 o - a scroll of noise {unknown}
 s - 5 scrolls of magic mapping
 w - a scroll of fear {unknown}
 x - a scroll of random uselessness {unknown}
 A - a scroll of identify
 D - 2 scrolls of remove curse
 F - a scroll of teleportation {unknown}
Potions
 H - a potion of lignification {unknown}
 L - a potion of resistance {unknown}
 R - a potion of heal wounds {unknown}
Comestibles
 g - 7 rations
 q - 3 chunks of flesh


   Skills:
 + Level 2.2 Fighting
 + Level 2.9 Short Blades
 + Level 1.7 Maces & Flails
 + Level 2.5 Throwing
 + Level 1.4 Armour
 + Level 1.4 Dodging
 + Level 4.3 Stealth
 + Level 1.7 Shields


You had 4 spell levels left.
You didn't know any spells.
Your spell library was empty.

Dungeon Overview and Level Annotations

Branches:
Dungeon (3/15)

Annotations:
D:2 Sigmund


Innate Abilities, Weirdness & Mutations

You have an increased reservoir of magic. (+10% MP)


Message History

Sigmund points at you and mumbles some strange words.
The magic dart hits you.
The hobgoblin throws a stone.
The stone barely misses you.
You see here a stone.
The hobgoblin throws a stone.
The stone hits you.
You see here a stone.
The hobgoblin throws a stone.
The stone hits you but does no damage.
You see here a stone.
The hobgoblin throws a stone.
The stone hits you but does no damage.
Sigmund points at you and mumbles some strange words.
The magic dart hits you!
You see here a stone.
The hobgoblin throws a stone.
The stone hits you.
Sigmund hits you from afar with a +0 scythe!
* * * LOW HITPOINT WARNING * * *
You see here a stone.
The hobgoblin throws a stone.
You block the stone.
Sigmund points at you and mumbles some strange words.
The magic dart hits you!
You die...

..#..#.......#
#.#....#.#####
..##.#.......# #..#..##.#
..##.#.......#####..###...#
..##.#....(..g..........###
####.......(.....####'..##
##.#'####.............#
#...# #@............# ##..#
#(............# ######..#
#(((.@........# .......>#
######........#
#################........#
................รท........#
#################........#
#........# ##########


You could see Sigmund and a hobgoblin.

Vanquished Creatures
  An orc priest (D:3)
  2 orc wizards (D:3)
  Terence (D:3)
  5 adders
  A shadow imp (D:3)
  An adder zombie (D:2)
  3 oozes
  A worm (D:2)
  16 orcs (D:3)
  3 giant cockroaches
  5 goblins
  9 hobgoblins
  2 jackals (D:1)
  5 kobolds
  A quokka (D:3)
  2 ball pythons (D:2)
  8 bats
  3 frilled lizards
  3 rats
72 creatures vanquished.

Notes
Turn   | Place    | Note
-------+----------+-------------------------------------------
     0 | D:1      | BigZZ40 the Demigod Assassin began the quest for the Orb.
     0 | D:1      | Reached XP level 1. HP: 17/17 MP: 3/3
   220 | D:1      | Reached skill level 4 in Stealth
   645 | D:1      | Reached XP level 2. HP: 7/24 MP: 4/4
   934 | D:1      | Reached skill level 1 in Dodging
  1600 | D:2      | Reached XP level 3. HP: 27/29 MP: 5/5
  1682 | D:2      | Noticed Sigmund
  2649 | D:3      | Noticed Terence
  2679 | D:3      | Killed Terence
  2679 | D:3      | Reached XP level 4. HP: 31/36 MP: 6/6
  2776 | D:3      | Reached skill level 1 in Maces & Flails
  3009 | D:3      | Reached XP level 5. HP: 16/41 MP: 7/7
  3015 | D:3      | Reached skill level 1 in Shields
  3626 | D:3      | Reached skill level 1 in Armour
  4032 | D:2      | Killed from afar by Sigmund

Levels and vault maps discovered:
D:1:      roderic_chinese_lattice_arrival, layout_basic
D:2:      layout_basic, chequers_mini_garden, minmay_tetromino_l4, uniq_sigmund
D:3:      wander_river, layout_basic, uniq_terence

Skill      XL: |  1  2  3  4  5 |
---------------+----------------+-----
Stealth        | 4 |  4.3
Dodging        | 1 |  1.4
Fighting       | 2 |  2.2
Short Blades   | 2 |  2.9
Throwing       | 2 |  2.5
Maces & Flails | 1 |  1.7
Shields        | 1 |  1.7
Armour         | 1 |  1.4

Action                   |  1- 3 |  4- 6 || total
-------------------------+-------+-------++-------
Melee: Dagger            |    61 |       ||    61
       Mace              |    44 |    98 ||   142
       Short sword       |    52 |       ||    52
       Whip              |       |    47 ||    47
 Fire: Blowgun           |     6 |       ||     6
Throw: Stone             |     1 |     8 ||     9
  Use: Scroll            |     7 |     4 ||    11
       Potion            |       |     2 ||     2
 Stab: Sleeping          |     4 |     2 ||     6
  Eat: Chunk             |     4 |       ||     4
       Ration            |     1 |     2 ||     3
Armor: Robe              |    17 |       ||    17
       Leather armour    |    45 |    59 ||   104
Dodge: Dodged            |    77 |   105 ||   182
Block: Buckler           |    24 |    38 ||    62

Table legend:
 A = Non-vault XP
 B = Vault XP
 C = Vault XP percentage of total XP
 D = Non-vault monster count
 E = Vault monster count
 F = Vault count percentage of total count
                 A         B        C        D         E       F
            +---------+---------+-------+---------+---------+-------
      Total |     334 |      50 |  13.0 |      67 |       5 |   6.9
            +---------+---------+-------+---------+---------+-------
        D:1 |      24 |       0 |   0.0 |      14 |       0 |   0.0
        D:2 |      48 |      12 |  20.0 |      15 |       4 |  21.1
        D:3 |     262 |      38 |  12.7 |      38 |       1 |   2.6
            +---------+---------+-------+---------+---------+-------
